 Dungeon Crawl Stone Soup version 0.29-a0-393-g47a863cc1b (webtiles) character file.

Game seed: 14962169628855975347

935 zishaf the Covered (level 7, -1/67 HPs)
             Began as a Deep Dwarf Hunter on May 9, 2022.
             Was an Initiate of Makhleb.
             Slain by a gnoll
             ... wielding a +0 flail
             ... led by a gnoll shaman
              (5 damage)
             ... on level 5 of the Dungeon.
             The game lasted 00:10:57 (4385 turns).

zishaf the Covered (Deep Dwarf Hunter)              Turns: 4385, Time: 00:10:58

Health: -1/67      AC: 14    Str: 17    XL:     7   Next: 87%
Magic:  6/6        EV: 11    Int:  9    God:    Makhleb [......]
Gold:   970        SH:  8    Dex: 16    Spells: 6/6 levels left

rFire   . . .      SeeInvis .   b - +2 dagger (vamp)
rCold   . . .      Faith    .   g - +3 warlock's mirror {reflect}
rNeg    . . .      Spirit   .   x - +0 chain mail
rPois   +          Reflect  +   u - +2 helmet
rElec   .          Harm     .   (no cloak)
rCorr   .          Rampage  .   (no gloves)
Will    +....                   i - +0 pair of boots
Stlth   ..........              (no amulet)
HPRegen 0.00/turn               l - +4 ring of evasion
MPRegen 0.10/turn               y - ring of poison resistance

@: no status effects
A: damage resistance, heal wounds, sense surroundings 1, no regeneration
a: Heal Wounds, Renounce Religion


You were on level 5 of the Dungeon.
You worshipped Makhleb.
Makhleb was noncommittal.
You visited 2 branches of the dungeon, and saw 6 of its levels.

You collected 970 gold pieces.

Inventory:

Hand Weapons
 a - a +1 hunting sling
 b - a +2 vampiric dagger (weapon)
 n - a +1 whip of pain
 v - a +1 spear of freezing
Missiles
 h - 5 poisoned darts
Armour
 g - the +3 warlock's mirror (worn) {reflect}
   (You acquired it on level 4 of the Dungeon)

   It can block and reflect piercing ranged attacks and magical attacks against
   the wielder's willpower.
 i - a +0 pair of boots (worn)
 u - a +2 helmet (worn)
 x - a +0 chain mail (worn)
Jewellery
 e - the amulet "Maxziet" {Spirit +Blink rElec}
   (You acquired it on level 4 of the Dungeon)

   [amulet of guardian spirit]

   It causes incoming damage to be divided between your reserves of health and
   magic.
   rElec:     It insulates you from electricity.
   +Blink:    It lets you blink.
 f - a ring of resist corrosion
 l - a +4 ring of evasion (left hand)
 t - a ring of ice
 y - a ring of poison resistance (right hand)
Wands
 r - a wand of charming (17)
 z - a wand of polymorph (6)
Scrolls
 c - a scroll of immolation
 A - a scroll of poison
Potions
 d - 4 potions of mutation
 k - a potion of lignification
 p - a potion of flight
 q - a potion of brilliance
 s - a potion of haste
 B - a potion of heal wounds {unknown}
 D - a potion of ambrosia {unknown}


   Skills:
 + Level 5.1 Fighting
 - Level 4.3 Slings
 + Level 5.5 Armour
 - Level 2.1 Dodging
 - Level 1.2 Stealth
 + Level 3.2 Shields
 + Level 2.6 Invocations
 + Level 3.8 Evocations


You had 6 spell levels left.
You didn't know any spells.
Your spell library contained the following spells:

 Spells                   Type           Power      Damage    Failure   Level
 Dazzling Flash           Conj/Hex       0%         N/A       100%        3
 Frozen Ramparts          Ice            0%         1d2       100%        3
 Ice Form                 Ice/Tmut       0%         N/A       100%        4
 Iskenderun's Mystic Bla  Conj/Tloc      0%         2d3       100%        4
 Summon Ice Beast         Ice/Summ       0%         N/A       100%        4
 Starburst                Conj/Fire      0%         6d3       100%        6


Dungeon Overview and Level Annotations

Branches:
Dungeon (5/15)             Temple (1/1) D:4

Altars:
Hepliaklqana
Makhleb
Nemelex Xobeh
Okawaru
Qazlal
Ru
Uskayaw
Vehumet
Wu Jian
The Shining One

Annotations:
D:5 Edmund


Innate Abilities, Weirdness & Mutations

You are resistant to damage.
You can heal yourself by infusing magical energy.
You passively map a small area around you.
You do not regenerate.


Message History

You hit the gnoll but do no damage.
The gnoll is severely wounded.
The gnoll barely misses you.
You completely miss the gnoll.
The gnoll is severely wounded.
The gnoll hits you but does no damage.
You hit the gnoll.
The gnoll is almost dead.
You block the gnoll's attack.
You hit the gnoll but do no damage.
The gnoll is almost dead.
The gnoll closely misses you.
You hit the gnoll but do no damage.
The gnoll is almost dead.
You block the gnoll's attack.
You hit the gnoll but do no damage.
The gnoll is almost dead.
The gnoll closely misses you.
You hit the gnoll but do no damage.
The gnoll is almost dead.
The gnoll barely misses you.
You hit the gnoll but do no damage.
The gnoll is almost dead.
You block the gnoll's attack.
You hit the gnoll but do no damage.
The gnoll is almost dead.
The gnoll barely misses you.
You closely miss the gnoll.
The gnoll is almost dead.
The gnoll hits you but does no damage.
You hit the gnoll but do no damage.
The gnoll is almost dead.
You block the gnoll's attack.
You hit the gnoll but do no damage.
The gnoll is almost dead.
The gnoll hits you but does no damage.
You hit the gnoll but do no damage.
The gnoll is almost dead.
The gnoll hits you with a +0 flail!
You die...

##........),****,,*,
#...)......,,* *,,,,
###...)......,,#**,*,,
####.....##.....,,.##**,, ***
#.......##*,*..#*,..# **, *,**
##.##...## *****#*,#.##*,,
,,,****#...#....### ######..#*,,
,*,,,,,,,#.....g..####...##..#*,,
,,,****#...####.@...##...##.#***,
*,** ##.#***#.............# **
*,* #.#......#...####.#.# *# *,*
#,#....###.### ###.####. *,*
*,#...#*#..#*****#....... *,**
**,##..*.............#....
,,,*****,,,#........#......##...#
,*,,,,,,,*,............#..#......
,,,*****,,,*,.........,##.#...#..


You could see a gnoll.

Vanquished Creatures
  Sigmund (D:5)
  A water moccasin (D:4)
  A centaur (D:4)
  A phantom (D:5)
  A scorpion (D:4)
  A hound (D:4)
  An orc priest (D:5)
  Terence (D:3)
  An iguana (D:5)
  5 orc wizards
  An adder (D:3)
  A worm (D:5)
  A dart slug (D:3)
  9 orcs
  9 ball pythons
  3 bats
  8 endoplasms
  2 giant cockroaches (D:2)
  9 goblins
  5 hobgoblins
  2 jackals (D:4)
  8 kobolds
  4 quokkas
  4 frilled lizards
  6 rats
86 creatures vanquished.

Vanquished Creatures (collateral kills)
  A gnoll shaman (D:5)
  A gnoll (D:5)
  3 orcs (D:5)
  A hobgoblin (D:3)
  A rat (D:3)
7 creatures vanquished.

Vanquished Creatures (others)
  Grinder (D:3)
  An adder (D:3)
2 creatures vanquished.

Grand Total: 95 creatures vanquished

Notes
Turn   | Place    | Note
-------+----------+-------------------------------------------
     0 | D:1      | zishaf the Deep Dwarf Hunter began the quest for the Orb.
     0 | D:1      | Reached XP level 1. HP: 19/19 MP: 1/1
   152 | D:1      | Reached skill level 1 in Armour
   366 | D:1      | Reached XP level 2. HP: 17/26 MP: 2/2
   849 | D:1      | Found a faded altar of an unknown god.
  1379 | D:2      | Reached XP level 3. HP: 33/33 MP: 2/2
  1896 | D:3      | Reached XP level 4. HP: 41/42 MP: 3/3
  1929 | D:3      | Reached XP level 5. HP: 34/49 MP: 4/4
  2085 | D:3      | Noticed Terence
  2203 | D:3      | Found a sparkling altar of Nemelex Xobeh.
  2238 | D:3      | Killed Terence
  2532 | D:3      | Noticed Grinder
  2537 | D:3      | Paralysed by Grinder for 2 turns
  2560 | D:3      | Killed Grinder
  2733 | D:4      | Identified 3 scrolls of acquirement
  2733 | D:4      | Acquired 719 gold pieces
  2735 | D:4      | Acquired the amulet "Maxziet" {Spirit +Blink rElec}
  2742 | D:4      | Acquired the +3 warlock's mirror {reflect}
  2742 | D:4      | Found the +3 warlock's mirror {reflect}
  2766 | D:4      | Noticed a water moccasin
  2795 | D:4      | Killed a water moccasin
  2796 | D:4      | Reached skill level 1 in Shields
  2796 | D:4      | Reached skill level 1 in Evocations
  2796 | D:4      | Reached XP level 6. HP: 22/58 MP: 0/5
  3212 | D:4      | Found a staircase to the Ecumenical Temple.
  3587 | D:5      | Entered Level 5 of the Dungeon
  3587 | D:5      | Noticed Edmund
  3587 | D:5      | Noticed a yak
  3587 | D:5      | Noticed a yak
  3587 | D:5      | Noticed a yak
  3610 | Temple   | Entered the Ecumenical Temple
  3649 | Temple   | Became a worshipper of Makhleb the Destroyer
  3820 | D:4      | Reached skill level 5 in Armour
  3820 | D:4      | Reached XP level 7. HP: 32/66 MP: 0/5
  3921 | D:5      | Noticed Sigmund
  3934 | D:5      | Killed Sigmund
  3935 | D:5      | Reached skill level 1 in Invocations
  4250 | D:5      | Reached skill level 5 in Fighting
  4359 | D:5      | HP: 3/67 [gnoll/+0 flail[a gnoll shaman] (4)]
  4385 | D:5      | Slain by a gnoll

Illustrated notes

Levels and vault maps discovered:
D:1:      lemuel_arrival_broad_hall, layout_basic,
          shapermc_ecumenical_altar_mp_vishouse,
          nicolae_concentric_dashed_squares_wild
D:2:      layout_basic, minmay_tetromino_i2
D:3:      minmay_evil_eye, layout_loops_ring, nemelex_xobeh_ov_fountains_minmay,
          lemuel_flame_loot_1, uniq_grinder, uniq_terence
D:4:      layout_basic, minmay_temple_entry_purple_smoke
D:5:      layout_cave_pools, nicolae_sif_muna_condensation,
          nicolae_overflow_crystal_walls, general_overflow_altar,
          minmay_misc_feat_tower, uniq_sigmund, uniq_edmund
Temple:   jpeg_temple_island

Skill      XL: |  1  2  3  4  5  6  7 |
---------------+----------------------+-----
Fighting       | 2 3 4 5 |  5.1
Armour         | 1 2 3 4 5 |  5.5
Shields        | 1 2 3 |  3.2
Evocations     | 1 2 3 |  3.8
Invocations    | 2 |  2.6
Slings         | |  4.3
Dodging        | |  2.1
Stealth        | |  1.2

Action                   |  1- 3 |  4- 6 |  7- 9 || total
-------------------------+-------+-------+-------++-------
Melee: Spear             |    13 |    33 |    33 ||    79
       Punch             |       |     1 |       ||     1
       Dagger            |       |   250 |   164 ||   414
 Fire: Hunting sling     |   138 |    27 |     2 ||   167
 Abil: Heal Wounds       |     1 |     2 |     1 ||     4
Evoke: Wand              |       |     4 |     3 ||     7
  Use: Scroll            |       |    13 |     2 ||    15
 Stab: Confused          |       |       |     2 ||     2
Armor: Leather armour    |     3 |       |       ||     3
       Ring mail         |    17 |    26 |       ||    43
       Chain mail        |       |   131 |    92 ||   223
Dodge: Dodged            |    37 |   146 |    72 ||   255
Block: Buckler           |       |    68 |    62 ||   130
       Reflection        |       |     4 |     5 ||     9

Table legend: (Time is in decaauts)
 A = Elapsed time spent in this place.
 B = Non-inter-level travel time spent in this place.
 C = Inter-level travel time spent in this place.
 D = Time resting spent in this place.
 E = Time spent auto-exploring this place.
 F = Levels seen in this place.
 G = Mean time per level.
                   A        B        C        D        E       F      G
               +--------+--------+--------+--------+--------+-----+--------+
         Total |   4464 |   3972 |    492 |    154 |   2541 |   6 |  744.0 |
       Dungeon |   4391 |   3932 |    459 |    154 |   2511 |   5 |  878.2 |
        Temple |     73 |     40 |     33 |      0 |     30 |   1 |   73.0 |
               +--------+--------+--------+--------+--------+-----+--------+

Top non-repeatable levels by time:
     D:1: 1118 daAuts
     D:3: 1080 daAuts
     D:4: 1066 daAuts
     D:2: 577 daAuts
     D:5: 548 daAuts
  Temple: 73 daAuts
